 Dungeon Crawl Stone Soup version 0.23-a0-393-g6e9e0f2070 (webtiles) character file.

2307 PikkenKukken the Ducker (level 9, -2/59 HPs)
             Began as a Demonspawn Transmuter on Oct 31, 2018.
             Was an Initiate of Kikubaaqudgha.
             Killed from afar by a steam dragon (16 damage)
             ... with a ball of steam
             ... on level 7 of the Dungeon.
             The game lasted 00:22:28 (6920 turns).

PikkenKukken the Ducker (Demonspawn Transmuter)     Turns: 6920, Time: 00:22:28

Health: -2/59      AC:  7    Str: 12    XL:     9   Next: 18%
Magic:  0/12       EV: 16    Int: 19    God:    Kikubaaqudgha [......]
Gold:   391        SH:  0    Dex: 13    Spells: 6/12 levels left

rFire    . . .     SeeInvis .     - Unarmed
rCold    + . .     Gourm    .   (no shield)
rNeg     . . .     Faith    .   g - +1 robe
rPois    +         Spirit   +   (helmet restricted)
rElec    .         Reflect  .   (no cloak)
rCorr    .         Harm     .   A - +1 pair of gloves
MR       .....                  (no boots)
Stlth    +.........             m - amulet of regeneration
HPRegen  0.59/turn              u - ring of protection from cold
MPRegen  0.13/turn              (no ring)

@: no status effects
A: hooves 1, horns 2, icy blue scales 1, clever 1, poison resistance, magic
shield, rot immunity, subdued magic 1
a: Renounce Religion


You were on level 7 of the Dungeon.
You worshipped Kikubaaqudgha.
Kikubaaqudgha was noncommittal.
You were not hungry.

You visited 2 branches of the dungeon, and saw 8 of its levels.

You collected 478 gold pieces.
You spent 87 gold pieces at shops.

Inventory:

Hand Weapons
 b - a +1 hunting sling
Missiles
 a - 35 arrows
 f - 241 stones (quivered)
Armour
 g - a +1 robe (worn)
 x - a +0 pair of boots of flying
 A - a +1 pair of gloves (worn)
Jewellery
 m - an amulet of regeneration (around neck)
 u - a ring of protection from cold (left hand)
Wands
 r - a wand of random effects (34)
Scrolls
 e - 9 scrolls of identify
 i - 3 scrolls of enchant armour
 j - a scroll of enchant weapon
 p - 2 scrolls of remove curse
 q - 2 scrolls of amnesia
 v - a scroll of noise
Potions
 c - a potion of mutation
 h - a potion of lignification {unknown}
 k - a potion of heal wounds {unknown}
 l - a potion of cancellation {unknown}
 n - 3 potions of curing
 s - a potion of brilliance {unknown}
 t - a potion of invisibility
 z - a potion of resistance {unknown}
Comestibles
 d - 12 rations


   Skills:
 - Level 1.0 Fighting
 + Level 7.1 Dodging
 - Level 6.1 Unarmed Combat
 - Level 2.0 Spellcasting
 + Level 7.1 Transmutations


You had 6 spell levels left.
You knew the following spells:

 Your Spells              Type           Power        Failure   Level  Hunger
a - Beastly Appendage     Tmut           ###...       1%          1    #......
b - Sticks to Snakes      Tmut           ###.....     1%          2    ###....
c - Spider Form           Tmut/Pois      ##........   10%         3    ###....

Your spell library contained the following spells:

 Spells                   Type           Power        Failure   Level  Hunger
 Blade Hands              Tmut           ###.......   21%         5    ######.
 Ice Form                 Ice/Tmut       ##......     32%         4    #####..


Dungeon Overview and Level Annotations

Branches:
Dungeon (7/15)             Temple (1/1) D:7

Altars:
Kikubaaqudgha
Makhleb
Nemelex Xobeh
Okawaru
Qazlal
Ru
Uskayaw
Vehumet
The Shining One
Beogh

Shops:
D:4 *


Innate Abilities, Weirdness & Mutations

You have a pair of horns on your head.
You are partially covered in icy blue scales. (AC +2)
When hurt, damage is shared between your health and your magic reserves.
You are immune to rotting.
You have large cloven feet.
Your mind is acute. (Int +2)
Your system is resistant to poisons. (rPois)
Your spells are a little easier to cast, but a little less powerful.


Message History

You hear a chilling moan.
Your adder withers and dies!
Really crawl into that cloud of steam? [Y]es or [N]o only, please.
Really crawl into that cloud of steam? [Y]es or [N]o only, please.
Really crawl into that cloud of steam?
Okay, then.
Your transformation has ended.
Your +1 pair of gloves unmelds from your body.
Your +1 robe unmelds from your body.
The jackal bites you but does no damage.
An orc wizard comes into view. It is wielding a +0 dagger.
The jackal completely misses you.
Reactivating autopickup.
You feel a bit more experienced. The steam dragon breathes steam at you.
The ball of steam hits you!
You die...
Kikubaaqudgha rasps: "You have failed me!
Welcome... death!"

....###.....####...##
##......... ##...........#
##..# #.......##
....######...## #.## ##.....##
....# ##...###.# #....## ....#
##...#..# #...## ....#
###...#..# #####..##
....######........###......##
.......................###..##
...............h@..#####
##..## ###..##........§#..#
##..### * #..##.......D##..#
##.... #..........§####.#*
##.... #..........## #..*
*#...## ###..........# ##.#
*#....# #..........o## *.#*
**#.....#* ....$...†...#*
*..**#........,
........≈≈.o.#*
**,,,....##....


You could see a steam dragon and a jackal.

Vanquished Creatures
  Eustachio (D:6)
  An orc warrior (D:6)
  A black bear (D:6)
  A sky beast (D:6)
  An ice beast (D:6)
  A centaur (D:7)
  An ogre (D:5)
  4 bullfrogs
  Blork the orc (D:3)
  5 scorpions
  4 howler monkeys
  A crimson imp (D:7)
  4 hounds
  A centaur zombie (D:6)
  2 orc priests
  2 orc wizards
  A jelly (D:6)
  A bullfrog skeleton (D:4)
  3 iguanas
  4 worker ants
  A hound skeleton (D:5)
  A worker ant zombie (D:6)
  2 howler monkey skeletons
  5 adders
  2 oozes
  An adder zombie (D:6)
  4 worms
  2 dart slugs
  6 leopard geckos
  20 orcs
  8 bats
  4 giant cockroaches
  9 goblins
  9 hobgoblins
  14 jackals
  6 quokkas
  3 ball pythons
  7 frilled lizards
  12 kobolds
  8 rats
164 creatures vanquished.

Vanquished Creatures (collateral kills)
  A sky beast (D:7)
1 creature vanquished.

Vanquished Creatures (others)
  A sky beast (D:7)
  A jackal (D:7)
2 creatures vanquished.

Grand Total: 167 creatures vanquished

Notes
Turn   | Place    | Note
-------+----------+-------------------------------------------
     0 | D:1      | PikkenKukken the Demonspawn Transmuter began the quest for
                  | the Orb.
     0 | D:1      | Reached XP level 1. HP: 15/15 MP: 3/3
   287 | D:1      | Gained mutation: When hurt, damage is shared between your
                  | health and your magic reserves. [demonic ancestry]
   287 | D:1      | Reached XP level 2. HP: 12/21 MP: 3/5
   291 | D:1      | Learned a level 2 spell: Sticks to Snakes
   521 | D:1      | HP: 1/21 [hobgoblin/+0 club (5)]
  1366 | D:1      | Mutation became permanent: You have a pair of small horns
                  | on your head. [demonic ancestry]
  1366 | D:1      | Gained mutation: You have a pair of horns on your head.
                  | [demonic ancestry]
  1366 | D:1      | Reached XP level 3. HP: 26/26 MP: 4/6
  2123 | D:2      | Reached XP level 4. HP: 32/32 MP: 7/7
  2263 | D:2      | Gained mutation: Your mind is acute. (Int +2) [potion of
                  | mutation]
  2263 | D:2      | Gained mutation: Your system is resistant to poisons.
                  | (rPois) [potion of mutation]
  2263 | D:2      | Gained mutation: Your spells are a little easier to cast,
                  | but a little less powerful. [potion of mutation]
  2263 | D:2      | Gained mutation: You have large cloven feet. [potion of
                  | mutation]
  2268 | D:2      | Learned a level 3 spell: Spider Form
  2619 | D:3      | Found a sacrificial altar of Ru.
  2747 | D:3      | Found a radiant altar of Vehumet.
  2747 | D:3      | Found a stormy altar of Qazlal.
  3097 | D:4      | Gained mutation: You are partially covered in icy blue
                  | scales. (AC +2) [demonic ancestry]
  3097 | D:4      | Reached XP level 5. HP: 37/37 MP: 8/8
  3417 | D:4      | Found Teozyete's Assorted Antiques.
  3430 | D:4      | Noticed Blork the orc
  3729 | D:4      | Gained mutation: You have a pair of horns on your head.
                  | [demonic ancestry]
  3729 | D:4      | Reached XP level 6. HP: 36/43 MP: 7/9
  3823 | D:4      | Bought a potion of curing for 87 gold pieces
  3959 | D:4      | Found a roughly hewn altar of Beogh.
  3977 | D:4      | Reached skill level 5 in Unarmed Combat
  4204 | D:5      | Entered Level 5 of the Dungeon
  4251 | D:5      | Found an iron altar of Okawaru.
  4505 | D:5      | Reached XP level 7. HP: 35/48 MP: 7/10
  4843 | D:5      | Found a sparkling altar of Nemelex Xobeh.
  5647 | D:6      | Noticed Eustachio
  5712 | D:6      | Killed Eustachio
  5712 | D:6      | Reached skill level 5 in Dodging
  5712 | D:6      | Reached skill level 5 in Transmutations
  5712 | D:6      | Reached XP level 8. HP: 54/54 MP: 9/11
  6350 | D:7      | Gained mutation: You are immune to rotting. [demonic
                  | ancestry]
  6350 | D:7      | Reached XP level 9. HP: 56/59 MP: 9/12
  6603 | D:7      | Found a staircase to the Ecumenical Temple.
  6612 | Temple   | Entered the Ecumenical Temple
  6631 | Temple   | Became a worshipper of Kikubaaqudgha
  6769 | D:3      | Killed Blork the orc
  6920 | D:7      | Killed from afar by a steam dragon

Vault maps used:
D:1:      noname_arrival_rooms_in_the_neighbourhood, minmay_tetromino_l4
D:3:      nicolae_ru_path_of_blood, gammafunk_temple_overflow_elements
D:4:      first_ration, serial_shops, shop, kennysheep_orc_chapel,
          uniq_blork_the_orc
D:5:      okawaru_gym_becter, basic_altar
D:6:      uniq_eustachio
D:7:      minmay_temple_entry_overgrown, grunt_ogre_cave, hangedman_misty_isle
Temple:   nicolae_temple_elliptical

Skill      XL: |  1  2  3  4  5  6  7  8  9 |
---------------+----------------------------+-----
Dodging        | 2 3 5 6 7 |  7.1
Unarmed Combat | 3 4 5 6 |  6.1
Transmutations | 2 3 5 6 7 |  7.1
Fighting       | |  1.0
Spellcasting   | |  2.0

Action                   |  1- 3 |  4- 6 |  7- 9 || total
-------------------------+-------+-------+-------++-------
Melee: Unarmed           |   110 |   221 |   271 ||   602
       Kick              |    10 |    50 |    45 ||   105
       Headbutt          |     5 |    34 |    31 ||    70
       Punch             |     1 |     4 |     1 ||     6
 Fire: Hunting sling     |    28 |    73 |    19 ||   120
 Cast: Beastly Appendage |    20 |     2 |       ||    22
       Sticks to Snakes  |     3 |     4 |     5 ||    12
       Spider Form       |       |     1 |    11 ||    12
  Use: Scroll            |     5 |     5 |     3 ||    13
       Potion            |       |     1 |       ||     1
  Eat: Chunk             |     4 |     9 |     6 ||    19
       Ration            |       |       |     1 ||     1
Armor: Robe              |    30 |    31 |    31 ||    92
       Skin              |       |       |     8 ||     8
Dodge: Dodged            |   104 |   155 |   243 ||   502

Table legend:
 A = Non-vault XP
 B = Vault XP
 C = Vault XP percentage of total XP
 D = Non-vault monster count
 E = Vault monster count
 F = Vault count percentage of total count
                 A         B        C        D         E       F
            +---------+---------+-------+---------+---------+-------
      Total |    2743 |     554 |  16.8 |     154 |      12 |   7.2
            +---------+---------+-------+---------+---------+-------
        D:1 |      40 |       6 |  13.0 |      25 |       3 |  10.7
        D:2 |      59 |       0 |   0.0 |      17 |       0 |   0.0
        D:3 |     121 |      90 |  42.7 |      33 |       2 |   5.7
        D:4 |     214 |      48 |  18.3 |      20 |       4 |  16.7
        D:5 |     392 |       0 |   0.0 |      16 |       0 |   0.0
        D:6 |    1046 |     196 |  15.8 |      27 |       1 |   3.6
        D:7 |     871 |     214 |  19.7 |      16 |       2 |  11.1
            +---------+---------+-------+---------+---------+-------
